 Dungeon Crawl Stone Soup version 0.26-a0-651-gb41185065b (console) character file.

Game seed: 6323130114997362737

354 om the Chiller (level 6, 0/45 HPs)
             Began as a Draconian Ice Elementalist on Sept 30, 2020.
             Was an Initiate of Vehumet.
             Slain by an orc priest
             ... wielding a +0 club
              (3 damage)
             ... on level 5 of the Dungeon.
             The game lasted 00:05:42 (4016 turns).

om the Chiller (Draconian Ice Elementalist)         Turns: 4016, Time: 00:05:43

Health: 0/45       AC:  9    Str: 12    XL:     6   Next: 35%
Magic:  0/10       EV: 12    Int: 16    God:    Vehumet [......]
Gold:   267        SH:  4    Dex: 11    Spells: 7/11 levels left

rFire    . . .     SeeInvis .   v - +4 mace
rCold    . . .     Faith    .   d - +0 buckler
rNeg     . . .     Spirit   .   (armour unavailable)
rPois    .         Reflect  .   (helmet restricted)
rElec    .         Harm     .   w - +2 cloak
rCorr    .         Rampage  .   (no gloves)
MR       .....                  (no boots)
Stlth    ++........             (no amulet)
HPRegen  0.15/turn              n - ring of flight
MPRegen  0.12/turn              q - ring of wizardry

@: frozen ramparts
A: unfitting armour, cold-blooded, AC +6
a: Renounce Religion, Evoke Flight


You were on level 5 of the Dungeon.
You worshipped Vehumet.
Vehumet was noncommittal.
You visited 2 branches of the dungeon, and saw 6 of its levels.

You collected 267 gold pieces.

Inventory:

Hand Weapons
 a - a +0 club
 h - a +0 mace
 v - a +4 mace (weapon)
Armour
 d - a +0 buckler (worn)
 w - a +2 cloak (worn)
Jewellery
 n - a ring of flight (left hand)
 q - a ring of wizardry (right hand)
 y - an uncursed ring of wizardry
Wands
 z - a wand of enslavement (5)
Scrolls
 b - a scroll of enchant armour {unknown}
 e - 4 scrolls of teleportation {unknown}
 f - a scroll of immolation {unknown}
 g - a scroll of blinking {unknown}
 j - a scroll of random uselessness {unknown}
 l - 3 scrolls of identify {unknown}
 m - 3 scrolls of noise {unknown}
 o - a scroll of fear {unknown}
 p - a scroll of magic mapping {unknown}
 s - 3 scrolls of remove curse {unknown}
 u - 2 scrolls of fog {unknown}
 x - a scroll of silence {unknown}
Potions
 c - a potion of curing {unknown}
 i - a potion of mutation {unknown}
 k - 4 potions of heal wounds {unknown}
 r - 2 potions of might {unknown}
 t - a potion of flight {unknown}


   Skills:
 + Level 3.1 Dodging
 - Level 2.0 Stealth
 + Level 2.7 Shields
 - Level 3.0 Spellcasting
 * Level 5.8 Ice Magic


You had 7 spell levels left.
You knew the following spells:

 Your Spells              Type           Power        Failure   Level
a - Freeze                Ice            ###.         1%          1
b - Frozen Ramparts       Ice            ###...       2%          3

Your spell library contained the following spells:

 Spells                   Type           Power        Failure   Level
 Ozocubu's Armour         Ice            ###.....     2%          3
 Hailstorm                Conj/Ice       ##......     26%         4
 Summon Ice Beast         Ice/Summ       ##......     26%         4


Dungeon Overview and Level Annotations

Branches:
Dungeon (5/15)             Temple (1/1) D:5

Altars:
Ashenzari
Cheibriados
Dithmenos
Elyvilon
Fedhas
Gozag
Okawaru
Qazlal
Sif Muna
Trog
Uskayaw
Vehumet
Wu Jian
Xom
Yredelemnul
The Shining One


Innate Abilities, Weirdness & Mutations

Your plain brown scales are hard. (AC +6)
You cannot fit into any form of body armour.
You are cold-blooded and may be slowed by cold attacks.


Message History

The wall freezes the orc wizard.
The orc wizard gestures at you while chanting.
The puff of frost hits you.
* * * LOW HITPOINT WARNING * * *
The orc priest misses you.
The wall freezes the orc wizard.
The orc wizard casts a spell at you. The magic dart hits you!
* * * LOW HITPOINT WARNING * * *
The wall freezes the orc.
The orc priest closely misses you.
Casting: Freeze (safe; 1% risk of failure)
Confirm with . or Enter, or press ? or * to list all spells.
You don't have enough magic to cast that spell.
You barely miss the orc priest. You tail-slap the orc priest.
The orc priest is almost dead.
The wall freezes the orc wizard.
You kill the orc wizard!
Vehumet accepts your kill. The orc priest hits you with a +0 club.
You die...

##### #...########
#...#...:...
#...#....... #####
#...#....... ......
#...#.......
.!..o.###...#.......
.>....o.+...)[......
.o.o..#.#..)#.......
..... #.'.o.#.......
.### ###(.@#.......
###.######## ####
##....########....
+.................
#####.##..........
#.##..........
#..'..........
####..........
#.'..........
#.#......#... ####
#.#......#..#


You could see an orc priest and 2 orcs.

Vanquished Creatures
  A centaur (D:5)
  A scorpion (D:4)
  An orc wizard (D:5)
  Crazy Yiuf (D:4)
  A worker ant (D:4)
  A hound skeleton (D:5)
  3 gnolls (D:3)
  4 adders
  A shadow imp (D:5)
  A dart slug (D:2)
  7 orcs
  3 giant cockroaches
  3 goblins
  5 hobgoblins (D:1)
  3 jackals (D:3)
  9 kobolds
  2 quokkas
  7 bats
  4 frilled lizards
  A leopard gecko skeleton (D:4)
  5 rats
64 creatures vanquished.

Notes
Turn   | Place    | Note
-------+----------+-------------------------------------------
     0 | D:1      | om the Draconian Ice Elementalist began the quest for the
                  | Orb.
     0 | D:1      | Reached XP level 1. HP: 14/14 MP: 3/3
   461 | D:1      | Reached XP level 2. HP: 14/20 MP: 5/5
  1598 | D:2      | Reached XP level 3. HP: 20/26 MP: 1/6
  1841 | D:2      | Learned a level 3 spell: Frozen Ramparts
  2340 | D:3      | Reached skill level 1 in Shields
  2344 | D:3      | Reached XP level 4. HP: 33/33 MP: 3/8
  3152 | D:4      | Reached skill level 5 in Ice Magic
  3152 | D:4      | Reached XP level 5. HP: 38/38 MP: 3/9
  3244 | D:4      | Found a runed translucent door.
  3245 | D:4      | Noticed Crazy Yiuf
  3254 | D:4      | Killed Crazy Yiuf
  3360 | D:4      | Noticed a phantom
  3667 | D:4      | You fall into a shaft and drop 1 floor!
  3667 | D:5      | Entered Level 5 of the Dungeon
  3700 | D:5      | Found a staircase to the Ecumenical Temple.
  3710 | Temple   | Entered the Ecumenical Temple
  3870 | Temple   | Became a worshipper of Vehumet
  3900 | D:5      | Noticed a centaur
  3986 | D:5      | Noticed a centaur
  3997 | D:5      | Killed a centaur
  3997 | D:5      | Reached XP level 6. HP: 11/45 MP: 3/10
  4016 | D:5      | Slain by an orc priest

Illustrated notes

Levels and vault maps discovered:
D:1:      dpeg_arrival_simpleton_c, layout_basic, minivault_26
D:2:      layout_basic
D:3:      layout_basic
D:4:      layout_rooms, hex_intersection, uniq_robin, uniq_crazy_yiuf_cottage
D:5:      layout_basic, minmay_temple_entry_antechambers,
          gup_sewer_entry_bubbles, gammafunk_ghost_icy, serial_shops, shop
Temple:   eino_temple_rhombus

Skill      XL: |  1  2  3  4  5 |
---------------+----------------+-----
Stealth        | 2 |  2.0
Dodging        | 2 3 |  3.1
Shields        | 1 2 |  2.7
Spellcasting   | 3 |  3.0
Ice Magic      | 5 |  5.8

Action                   |  1- 3 |  4- 6 || total
-------------------------+-------+-------++-------
Melee: Unarmed           |    11 |       ||    11
       Club              |     6 |       ||     6
       Mace              |    62 |    63 ||   125
       Tailslap          |     7 |     8 ||    15
 Cast: Freeze            |    12 |    13 ||    25
       Frozen Ramparts   |     1 |     9 ||    10
 Stab: Sleeping          |     6 |     1 ||     7
Armor: Skin              |    34 |    38 ||    72
Dodge: Dodged            |    59 |    56 ||   115
Block: Buckler           |    10 |    24 ||    34

Table legend: (Time is in decaauts)
 A = Elapsed time spent in this place.
 B = Non-inter-level travel time spent in this place.
 C = Inter-level travel time spent in this place.
 D = Time resting spent in this place.
 E = Time spent auto-exploring this place.
 F = Levels seen in this place.
 G = Mean time per level.
                   A        B        C        D        E       F      G
               +--------+--------+--------+--------+--------+-----+--------+
         Total |   4067 |   3906 |    161 |    658 |   2495 |   6 |  677.8 |
       Dungeon |   3890 |   3778 |    112 |    658 |   2369 |   5 |  778.0 |
        Temple |    176 |    127 |     49 |      0 |    126 |   1 |  176.0 |
               +--------+--------+--------+--------+--------+-----+--------+

Top non-repeatable levels by time:
     D:1: 1418 daAuts
     D:3: 1052 daAuts
     D:2: 871 daAuts
     D:4: 369 daAuts
     D:5: 178 daAuts
  Temple: 176 daAuts
